 Dungeon Crawl Stone Soup version 0.29-a0-289-g2178c42546 (console) character file.

Game seed: 10019191621467388761

325 Ignak the Grave Robber (level 6, -1/66 HPs)
             Began as a Gnoll Necromancer on Mar 17, 2022.
             Was an Initiate of Okawaru.
             Slain by Duvessa
             ... wielding a +0 short sword
              (8 damage)
             ... on level 4 of the Dungeon.
             The game lasted 00:10:56 (4303 turns).

Ignak the Grave Robber (Gnoll Necromancer)          Turns: 4303, Time: 00:10:57

Health: -1/66      AC: 23    Str:  7    XL:     6   Next: 48%
Magic:  8/14       EV:  2    Int: 22    God:    Okawaru [......]
Gold:   121        SH:  0    Dex: 13    Spells: 8/15 levels left

rFire   . . .      SeeInvis .   g - +0 spear (venom)
rCold   . . .      Faith    .   (no shield)
rNeg    . . .      Spirit   .   (body armour currently unavailable)
rPois   +          Reflect  .   (helmet currently unavailable)
rElec   .          Harm     .   (cloak currently unavailable)
rCorr   .          Rampage  .   (gloves currently unavailable)
Will    .....      NoTele   +   (boots currently unavailable)
Stlth   +.........              (no amulet)
HPRegen 0.21/turn               i - +6 ring of intelligence
MPRegen 0.14/turn               (no ring)

@: lit by a corona, tree-form, glowing
A: stationary, stasis, torment immunity, boosted hp, (fangs 1), strong nose,
distributed training
a: Renounce Religion


You were on level 4 of the Dungeon.
You worshipped Okawaru.
Okawaru was noncommittal.
You were a tree.
You visited 1 branch of the dungeon, and saw 4 of its levels.

You collected 121 gold pieces.

Inventory:

Hand Weapons
 g - a +0 spear of venom (weapon)
 n - a +2 dagger of protection
 u - a +0 rapier
Missiles
 a - a throwing net (quivered)
 r - 17 poisoned darts
Armour
 c - a +0 pair of boots (melded)
 f - a +1 ring mail (melded)
 m - a +0 helmet (melded)
Jewellery
 i - a +6 ring of intelligence (left branch)
Scrolls
 d - a scroll of noise {unknown}
 e - a scroll of holy word
 h - a scroll of enchant armour
 j - 2 scrolls of teleportation
 t - a scroll of magic mapping
Potions
 b - a potion of magic
 k - a potion of lignification
 l - 2 potions of brilliance
 q - a potion of heal wounds
 s - 3 potions of curing


   Skills:
 + Level 2.0 Fighting
 + Level 2.0 Short Blades
 + Level 2.0 Long Blades
 + Level 2.0 Axes
 + Level 2.0 Maces & Flails
 + Level 2.0 Polearms
 + Level 2.0 Staves
 + Level 2.0 Slings
 + Level 2.0 Bows
 + Level 2.0 Crossbows
 + Level 2.0 Throwing
 + Level 2.0 Armour
 + Level 5.0 Dodging
 + Level 4.6 Stealth
 + Level 2.0 Shields
 + Level 2.0 Unarmed Combat
 + Level 5.4 Spellcasting
 + Level 1.5 Conjurations
 + Level 1.5 Hexes
 + Level 1.5 Summonings
 + Level 7.3 Necromancy
 + Level 1.5 Translocations
 + Level 1.5 Transmutations
 + Level 1.5 Fire Magic
 + Level 1.5 Ice Magic
 + Level 1.5 Air Magic
 + Level 1.5 Earth Magic
 + Level 1.5 Poison Magic
 + Level 2.2 Invocations
 + Level 2.0 Evocations


You had 8 spell levels left.
You knew the following spells:

 Your Spells              Type           Power      Damage    Failure   Level
a - Pain                  Necr           100%       1d9       1%          1
c - Vampiric Draining     Necr           38%        2d8       1%          3
d - Mephitic Cloud        Conj/Pois/Air  12%        N/A       16%         3

Your spell library contained the following spells:

 Spells                   Type           Power      Damage    Failure   Level
 Magic Dart               Conj           48%        1d5       4%          1
 Agony                    Necr           38%        N/A       14%         5
 Dazzling Flash           Conj/Hex       24%        N/A       16%         3
 Iskenderun's Mystic Bla  Conj/Tloc      12%        2d5       45%         4
 Starburst                Conj/Fire      6%         6d4       100%        6
 Animate Skeleton         Necr           Unusable   N/A       N/A         1
 Animate Dead             Necr           Unusable   N/A       N/A         4
 Call Imp                 Summ           Unusable   N/A       N/A         2

Dungeon Overview and Level Annotations

Branches:
Dungeon (4/15)
 Temple: D:4-7

Altars:
Okawaru

Annotations:
D:4 Duvessa


Innate Abilities, Weirdness & Mutations

You are a tree.
Your roots penetrate the ground, keeping you stationary.
You cannot be teleported.
You are immune to unholy pain and torment.
Your maximum health is greatly increased.
Your equipment is partially melded.
((You have very sharp teeth.))
Your uncanny sense of smell can sniff out nearby items.
Your experience applies equally to all skills.


Message History

Aim: Dowan, wielding a +0 dagger and wearing a +0 robe (almost dead, very poisoned)
You draw life force from Dowan!
You kill Dowan!
Okawaru accepts your kill.
Duvessa screams, "No!
How DARE you!"
Duvessa goes berserk!
You feel life coursing into your body. Duvessa hits you with a +0 short sword!
* * * LOW HITPOINT WARNING * * *
Your Fighting skill increases to level 2!
Your Short Blades skill increases to level 2!
Your Long Blades skill increases to level 2!
Your Axes skill increases to level 2!
Your Maces & Flails skill increases to level 2!
Your Polearms skill increases to level 2!
Your Staves skill increases to level 2!
Your Slings skill increases to level 2!
Your Bows skill increases to level 2!
Your Crossbows skill increases to level 2!
Your Throwing skill increases to level 2!
Your Armour skill increases to level 2!
Your Dodging skill increases to level 5!
Your Shields skill increases to level 2!
Your Unarmed Combat skill increases to level 2!
Your Evocations skill increases to level 2!
Okay, then.
Really quaff the potion of lignification?
Okay, then.
Really quaff the potion of lignification?
You turn into a tree.
Your +0 helmet melds into your body.
Your +0 pair of boots melds into your body.
Your +1 ring mail melds into your body.
Your roots penetrate the ground.
Duvessa hits you but does no damage. Duvessa hits you with a +0 short sword.
* * * LOW HITPOINT WARNING * * *
Casting: Vampiric Draining (safe; 1% risk of failure)
Confirm with . or Enter, or press ? or * to list all spells.
Aiming: Vampiric Draining (safe; 1% risk of failure)
Press: ? - help, Shift-Dir - straight line, f - Duvessa
Aim: Duvessa, wielding a +0 short sword and wearing a +0 scale mail (berserk)
You draw life force from Duvessa!
You feel life coursing into your body. Duvessa hits you with a +0 short sword!
You die...

#..........#
#..........#
#..........#
#..........#
#..........#
#>.........# #
#.........#
....#..)e<(...#
#$..♣......#
#..........#
#..........#
#..........#
#..........#
##........##
##......##
########


You could see Duvessa (berserk).

Vanquished Creatures
  A water moccasin (D:3)
  Dowan (D:4)
  Jessica (D:2)
  Robin (D:1)
  2 adders
  4 worms
  11 dart slugs
  3 orcs (D:3)
  3 bats
  5 endoplasms
  3 giant cockroaches
  5 hobgoblins
  3 jackals (D:3)
  5 quokkas
  2 ball pythons (D:1)
  3 frilled lizards
  13 goblins
  5 kobolds
  4 rats
75 creatures vanquished.

Notes
Turn   | Place    | Note
-------+----------+-------------------------------------------
     0 | D:1      | Ignak the Gnoll Necromancer began the quest for the Orb.
     0 | D:1      | Reached XP level 1. HP: 13/13 MP: 6/6
   489 | D:1      | Reached XP level 2. HP: 11/19 MP: 5/7
  1277 | D:2      | Noticed Robin
  1589 | D:2      | Reached XP level 3. HP: 21/25 MP: 5/9
  1593 | D:2      | Learned a level 3 spell: Vampiric Draining
  1599 | D:2      | Noticed Jessica
  1625 | D:2      | Reached skill level 5 in Spellcasting
  1959 | D:2      | Reached skill level 1 in Invocations
  2121 | D:2      | Killed Jessica
  2122 | D:2      | Reached skill level 1 in Fighting
  2122 | D:2      | Reached skill level 1 in Short Blades
  2122 | D:2      | Reached skill level 1 in Long Blades
  2122 | D:2      | Reached skill level 1 in Axes
  2122 | D:2      | Reached skill level 1 in Maces & Flails
  2122 | D:2      | Reached skill level 1 in Polearms
  2122 | D:2      | Reached skill level 1 in Staves
  2122 | D:2      | Reached skill level 1 in Slings
  2122 | D:2      | Reached skill level 1 in Bows
  2122 | D:2      | Reached skill level 1 in Crossbows
  2122 | D:2      | Reached skill level 1 in Throwing
  2122 | D:2      | Reached skill level 1 in Armour
  2122 | D:2      | Reached skill level 1 in Shields
  2122 | D:2      | Reached skill level 1 in Unarmed Combat
  2122 | D:2      | Reached skill level 1 in Evocations
  2122 | D:2      | Reached XP level 4. HP: 30/32 MP: 9/11
  2372 | D:1      | Killed Robin
  2373 | D:1      | Reached skill level 1 in Conjurations
  2373 | D:1      | Reached skill level 1 in Hexes
  2373 | D:1      | Reached skill level 1 in Summonings
  2373 | D:1      | Reached skill level 1 in Translocations
  2373 | D:1      | Reached skill level 1 in Transmutations
  2373 | D:1      | Reached skill level 1 in Fire Magic
  2373 | D:1      | Reached skill level 1 in Ice Magic
  2373 | D:1      | Reached skill level 1 in Air Magic
  2373 | D:1      | Reached skill level 1 in Earth Magic
  2373 | D:1      | Reached skill level 1 in Poison Magic
  2641 | D:3      | Reached XP level 5. HP: 31/37 MP: 12/12
  2960 | D:3      | Noticed a water moccasin
  2977 | D:3      | Killed a water moccasin
  2978 | D:3      | Reached XP level 6. HP: 28/44 MP: 3/13
  3573 | D:3      | Learned a level 3 spell: Mephitic Cloud
  3806 | D:3      | Found an iron altar of Okawaru.
  3814 | D:3      | Became a worshipper of Warmaster Okawaru
  4290 | D:4      | Noticed Duvessa
  4290 | D:4      | Noticed Dowan
  4301 | D:4      | Killed Dowan
  4302 | D:4      | Reached skill level 5 in Dodging
  4302 | D:4      | HP: 3/66 [Duvessa/+0 short sword (5)]
  4303 | D:4      | Slain by Duvessa

Illustrated notes

Levels and vault maps discovered:
D:1:      zaba_arrival_water, layout_basic, hex_medium, minmay_misc_feat_tower
D:2:      layout_basic, uniq_jessica, uniq_robin
D:3:      kennysheep_slugbush, layout_loops_corners, okawaru_ov_weapons_minmay
D:4:      minmay_recursive_quarters, layout_rooms, fedhas_altar_2,
          gammafunk_ghost_arena, portal_sewer_entry_c, uniq_menkaure,
          uniq_duvessa

Skill      XL: |  1  2  3  4  5  6 |
---------------+-------------------+-----
Spellcasting   | 5 |  5.4
Invocations    | 1 2 |  2.2
Fighting       | 1 2 |  2.0
Short Blades   | 1 2 |  2.0
Long Blades    | 1 2 |  2.0
Axes           | 1 2 |  2.0
Maces & Flails | 1 2 |  2.0
Polearms       | 1 2 |  2.0
Staves         | 1 2 |  2.0
Slings         | 1 2 |  2.0
Bows           | 1 2 |  2.0
Crossbows      | 1 2 |  2.0
Throwing       | 1 2 |  2.0
Armour         | 1 2 |  2.0
Shields        | 1 2 |  2.0
Unarmed Combat | 1 2 |  2.0
Evocations     | 1 2 |  2.0
Conjurations   | 1 |  1.5
Hexes          | 1 |  1.5
Summonings     | 1 |  1.5
Translocations | 1 |  1.5
Transmutations | 1 |  1.5
Fire Magic     | 1 |  1.5
Ice Magic      | 1 |  1.5
Air Magic      | 1 |  1.5
Earth Magic    | 1 |  1.5
Poison Magic   | 1 |  1.5
Dodging        | 5 |  5.0
Stealth        | |  4.6
Necromancy     | |  7.3

Action                   |  1- 3 |  4- 6 || total
-------------------------+-------+-------++-------
Melee: Spear             |    61 |   102 ||   163
       Unarmed           |     4 |       ||     4
       Bite              |     4 |     4 ||     8
       Punch             |     1 |       ||     1
       Dagger            |       |     1 ||     1
Throw: Dart              |     3 |     6 ||     9
       Throwing net      |       |     1 ||     1
 Cast: Pain              |    43 |    23 ||    66
       Vampiric Draining |     2 |    15 ||    17
  Use: Potion            |     6 |     2 ||     8
       Scroll            |     5 |     3 ||     8
 Stab: Sleeping          |     1 |     6 ||     7
Armor: Ring mail         |    41 |    56 ||    97
       Robe              |     2 |       ||     2
       Skin              |       |     1 ||     1
Dodge: Dodged            |    45 |    74 ||   119

Table legend: (Time is in decaauts)
 A = Elapsed time spent in this place.
 B = Non-inter-level travel time spent in this place.
 C = Inter-level travel time spent in this place.
 D = Time resting spent in this place.
 E = Time spent auto-exploring this place.
 F = Levels seen in this place.
 G = Mean time per level.
                   A        B        C        D        E       F      G
               +--------+--------+--------+--------+--------+-----+--------+
         Total |   4316 |   4288 |     28 |   1158 |   1873 |   4 | 1079.0 |
       Dungeon |   4316 |   4288 |     28 |   1158 |   1873 |   4 | 1079.0 |
               +--------+--------+--------+--------+--------+-----+--------+

Top non-repeatable levels by time:
     D:3: 1704 daAuts
     D:1: 1429 daAuts
     D:2: 1170 daAuts
     D:4: 11 daAuts
